[Event "Early-Titled-Tuesday-Blitz-January-23-2024"]
[Site "Chess.com"]
[Date "2024.01.23"]
[Round "8"]
[White "Savagelittlemole"]
[Black "Pastore1978"]
[Result "1-0"]
[WhiteElo "2454"]
[BlackElo "2279"]
[TimeControl "180+1"]
[EndTime "9:29:43 PST"]
[Termination "Savagelittlemole won by checkmate"]

1. e4 e6 2. d4 d5 3. Nd2 c5 4. exd5 Qxd5 5. Ngf3 cxd4 6. Bc4 Qd7 7. O-O Nc6 8. Nb3 a6 9. Nbxd4 Nxd4 10. Nxd4 Qc7 11.
Qe2 Bd6 12. h3 Ne7 13. c3 b5 14. Bd3 Bb7 15. Qh5 g6 16. Qh4 Nf5 17. Bxf5 gxf5 18.
Bg5 Rg8 19. f3 Bh2+ 20. Kh1 Qg3 21. Qxg3 Bxg3 22. Bf6 Rg6 23. Ne2 Bd6 24. Bh4 Be7 25.
Bxe7 Kxe7 26. a4 Rag8 27. Rf2 bxa4 28. Rxa4 Kf6 29. Rb4 Bd5 30. c4 Bc6 31. Nd4 Rc8 32.
Rb6 Ba8 33. b3 a5 34. Ra2 Rg3 35. Rxa5 Rcg8 36. Ra2 Ke5 37. Nc6+ Kf4 38. Nd4 Ke5 39. Rd2 h5 40. Rb5+ Kf6 41. c5 h4 42. c6 Rc8 43.
Rc5 Rc7 44. Rdc2 Rg8 45. b4 Rb8 46. b5 Rd8 47. b6 Rcc8 48. b7 Bxb7 49. cxb7 Rb8 50.
Nc6 Rd1+ 51. Kh2 Rxb7 52. Rc1 Rd2 53. R5c2 Rd6 54. Na5 Rb5 55. Nc4 Rd8 56. Ne3 Rb4 57.
Rc4 Rb3 58. Nf1 Rdd3 59. R1c2 Rb1 60. Nd2 Rd1 61. Nb3 Re3 62. Nc5 Ree1 63. Rxh4 Rh1+ 64.
Kg3 Kg5 65. f4+ Kg6 66. Rc3 Rdg1 67. Rh8 Kg7 68. Rc8 Kg6 69. Rc7 Rd1 70. Nd7 Rhg1 71. Ne5+ Kg7 72. Rxf7+ Kh6 73. Rc8 Rd3+ 74. Kh4 Rxh3+ 75.
Kxh3 Rh1+ 76. Kg3 Rh3+ 77. gxh3 Kh5 78. Rh8# 1-0

[Event "Early-Titled-Tuesday-Blitz-January-23-2024"]
[Site "Chess.com"]
[Date "2024.01.23"]
[Round "8"]
[White "NovozhilovSemen"]
[Black "mortngabriel"]
[Result "1/2-1/2"]
[WhiteElo "2654"]
[BlackElo "2531"]
[TimeControl "180+1"]
[EndTime "9:29:46 PST"]
[Termination "Game drawn by stalemate"]

1. d4 d5 2. c4 e6 3. Nf3 Nf6 4. g3 Bb4+ 5. Bd2 Be7 6. Bg2 O-O 7. O-O Nbd7 8. Qc2 c6 9. Rd1 b6 10. b3 a5 11. Nc3 Ba6 12. e4 dxc4 13. Bg5 cxb3 14.
axb3 h6 15. Bf4 Rc8 16. Ne5 Nxe5 17. dxe5 Nd7 18. Na4 Qc7 19. Rac1 Nc5 20. Nxb6 Qxb6 21. Be3 Qxb3 22. Bxc5 Qxc2 23. Rxc2 Bxc5 24. Rxc5 Bb5 25. Bf1 Rb8 26. Rd7 a4 27. Ra7 Ra8 28. Rxa8 Rxa8 29.
Bxb5 cxb5 30. Rxb5 a3 31. Rb1 a2 32. Ra1 Kf8 33. Kf1 Ke7 34. Ke2 Kd7 35. Kd3 Kc6 36. Kc4 g5 37. f4 gxf4 38. gxf4 Ra4+ 39. Kb3 Rxe4 40. Rxa2 Rxf4 41. Rd2 Rf5 42. Rd6+ Kc7 43. Ra6 Kb7 44. Rd6 Kc7 45. Ra6 Kd7 46. Ra5 Rf2 47.
Ra7+ Ke8 48. Ra8+ Ke7 49. Kc4 Rxh2 50. Kd4 Rh4+ 51. Ke3 Rb4 52. Rc8 h5 53. Rh8 h4 54.
Kd3 Ra4 55. Ke3 h3 56. Kf3 Ra3+ 57. Ke4 Rb3 58. Kf4 Kd7 59. Ke4 Kc6 60. Rc8+ Kb5 61. Rh8 Kc4 62. Rh7 Ra3 63. Rxf7 h2 64. Rh7 Ra2 65. Rh3 Kc5 66. Rh6 Kc4 67. Rh3 Rb2 68. Rh8 Re2+ 69. Kf3 Rxe5 70. Rxh2 Kd3 71. Rh6 Re3+ 72.
Kf4 Re4+ 73. Kf3 e5 74. Rd6+ Rd4 75. Re6 e4+ 76. Kf2 Rb4 77. Rd6+ Rd4 78. Rxd4+ Kxd4 79.
Ke2 e3 80. Ke1 Kd3 81. Kd1 e2+ 82. Ke1 Ke3 1/2-1/2

[Event "Early-Titled-Tuesday-Blitz-January-23-2024"]
[Site "Chess.com"]
[Date "2024.01.23"]
[Round "8"]
[White "Flawless_Fighter"]
[Black "Grandelicious"]
[Result "1/2-1/2"]
[WhiteElo "2731"]
[BlackElo "2896"]
[TimeControl "180+1"]
[EndTime "9:29:48 PST"]
[Termination "Game drawn by repetition"]

1. e4 c5 2. Nf3 e6 3. c3 d5 4. exd5 exd5 5. d4 c4 6. b3 cxb3 7. axb3 Nc6 8. Bd3 Bd6 9. O-O Nge7 10. Re1 O-O 11. Bg5 Bg4 12. h3 Bh5 13. Nbd2 Qc7 14.
Qb1 h6 15. Bxe7 Nxe7 16. c4 Bb4 17. Re5 Bxf3 18. Nxf3 Rad8 19. Qc2 Bd6 20. Re2 Nc6 21. c5 Be7 22. Qc3 Bf6 23. b4 Qf4 24. Rd1 Rfe8 25. b5 Nxd4 26. Nxd4 Bxd4 27. Qc2 Rxe2 28. Qxe2 Bxc5 29.
Bc2 g6 30. Rd3 Rd7 31. Rf3 Qb8 32. Bxg6 Qf8 33. Bf5 Re7 34. Rg3+ Kh8 35. Qd2 Re5 36. Bc2 Qe7 37. Qd3 f5 38. Rf3 Qf6 39. g3 Re1+ 40.
Kg2 Re5 41. Qc3 d4 42. Qd3 Kg7 43. g4 b6 44. Qc4 Qe6 45. Qd3 Qd5 46. Kg3 Bd6 47.
Kg2 Qe4 48. Qd1 Qd5 49. Qd3 Qe4 50. Qd1 Qd5 51. Kf1 Qxb5+ 52. Bd3 Qd5 53. gxf5 Qf7 54.
Rg3+ Kf8 55. Qg4 Rc5 56. Rf3 Rc1+ 57. Kg2 Rc5 58. Qe4 Re5 59. Qa8+ Qe8 60. Qb7 Qe7 61. Qc8+ Qe8 62. Qb7 Qe7 63. Qa8+ Qe8 64. Qxa7 Qe7 65.
Qa8+ Kf7 66. Bc4+ Kf6 67. Qh8+ Qg7+ 68. Qxg7+ Kxg7 69. f6+ Kf8 70. Rg3 Rg5 71. Rxg5 hxg5 72. Kf3 Be5 73. f7 b5 74. Bxb5 Kxf7 75. Bd3 Kf6 76.
Kg4 Bh2 77. h4 gxh4 78. Kxh4 Ke5 79. Kg4 Bf4 80. Kf3 Bd2 81. Ke2 Bc1 82. f3 Kf4 83.
Kf2 Be3+ 84. Ke2 Kg3 85. Be4 Bg5 86. Bd3 Bf6 87. Be4 Kf4 88. Bd3 Be5 89. Be4 Bf6 90. Bd3 Be5 91. Be4 Bf6 1/2-1/2

[Event "Early-Titled-Tuesday-Blitz-January-23-2024"]
[Site "Chess.com"]
[Date "2024.01.23"]
[Round "8"]
[White "viktorskliarov"]
[Black "lucliasco"]
[Result "1/2-1/2"]
[WhiteElo "2670"]
[BlackElo "2882"]
[TimeControl "180+1"]
[EndTime "9:29:54 PST"]
[Termination "Game drawn by 50-move rule"]

1. e4 e5 2. Nc3 Nc6 3. Bc4 Nf6 4. d3 Bb4 5. Bd2 O-O 6. Nge2 d6 7. a3 Ba5 8. Ng3 Be6 9. Ba2 Bxa2 10. Rxa2 Bxc3 11. Bxc3 d5 12. O-O Re8 13. Qf3 Nd4 14. Bxd4 exd4 15. Raa1 dxe4 16. Nxe4 Nxe4 17. dxe4 c5 18. Rad1 Qb6 19.
b3 a5 20. a4 Qc6 21. Rfe1 Re5 22. c3 Rd8 23. h3 g6 24. Rd3 Rd6 25. cxd4 Rxd4 26.
Rxd4 cxd4 27. Qd3 Qc3 28. Qxc3 dxc3 29. Rc1 Rxe4 30. Rxc3 Rb4 31. Kf1 h5 32. g3 Kg7 33.
h4 f6 34. Ke2 g5 35. hxg5 fxg5 36. Kf3 Kf6 37. Re3 b6 38. Kg2 Kf5 39. Kf3 h4 40. Kg2 hxg3 41. Kxg3 Rg4+ 42. Kf3 Rh4 43. Kg3 Rd4 44.
Kf3 g4+ 45. Kg3 Rd6 46. f3 gxf3 47. Kxf3 Rd2 48. Rc3 Ke5 49. Ke3 Rh2 50. Kd3 Rh4 51. Rc6 Rb4 52. Kc3 Kd5 53. Rh6 Kc5 54. Rh5+ Kc6 55. Rh6+ Kb7 56. Rh7+ Ka6 57. Rh6 Rg4 58. Rh7 Rf4 59. Rh6 Re4 60. Rh7 Re6 61. Rh5 Rf6 62.
Rg5 Rc6+ 63. Kb2 Rh6 64. Rf5 Rd6 65. Rg5 Kb7 66. Rh5 Kc6 67. Kc3 Rg6 68. Kc4 Rg4+ 69. Kc3 Rf4 70. Kd3 Rf2 71. Kc3 Rg2 72. Kc4 Rc2+ 73.
Kd3 Rc1 74. Kd2 Ra1 75. Kc3 Kb7 76. Rh7+ Ka6 77. Rh6 Ra2 78. Rg6 Rh2 79. Rf6 Rh3+ 80. Kc4 Rg3 81. Rh6 Rg4+ 82. Kc3 Rf4 83. Rg6 Rf5 84. Rh6 Rc5+ 85. Kb2 Rc8 86. Rg6 Kb7 87. Rh6 Rc7 88. Rg6 Rd7 89. Rh6 Kc7 90. Kc3 Rd5 91.
Rh7+ Kc6 92. Rh6+ Kc5 93. Rg6 Rh5 94. Rg3 Rf5 95. Rh3 Re5 96. Rg3 Kd5 97. Rh3 1/2-1/2

[Event "Early-Titled-Tuesday-Blitz-January-23-2024"]
[Site "Chess.com"]
[Date "2024.01.23"]
[Round "8"]
[White "vladislavkovalev"]
[Black "jefferyx"]
[Result "0-1"]
[WhiteElo "2857"]
[BlackElo "3010"]
[TimeControl "180+1"]
[EndTime "9:30:06 PST"]
[Termination "jefferyx won by resignation"]

1. e4 c5 2. Nf3 d6 3. Bb5+ Nc6 4. O-O Bd7 5. Re1 Nf6 6. c3 a6 7. Bf1 Bg4 8. h3 Bxf3 9. Qxf3 e6 10. Qd1 Be7 11.
d4 cxd4 12. cxd4 d5 13. e5 Nd7 14. Be3 O-O 15. Nd2 Qb6 16. Nf3 Rac8 17. Bd3 Rc7 18. a3 Na5 19. b4 Nc4 20. Bc1 Rfc8 21. Rb1 a5 22. Qa4 axb4 23. axb4 Nb8 24. b5 Nd7 25. h4 h6 26. h5 Qa5 27. Qxa5 Nxa5 28. Bd2 Nc4 29. Bf4 Ndb6 30. g3 Kf8 31. Kg2 Ke8 32.
Ra1 Nb2 33. Bf1 N2a4 34. Re2 Rc2 35. Rxc2 Rxc2 36. Bd3 Rb2 37. Bc1 Rb4 38. Bd2 Rb2 39.
Bc1 Rb4 40. Bc2 Rc4 41. Bb3 Rb4 42. Bc2 Rc4 43. Bb3 Rb4 44. Bd1 Nc3 45. Bd2 Rc4 46. Bb3 Rc7 47. Bxc3 Rxc3 48. Bd1 Kd7 49.
Be2 Kc7 50. g4 f6 51. exf6 Bxf6 52. Ra2 Nc8 53. Bf1 Kb6 54. Re2 Kxb5 55. Rxe6+ Ka5 56.
Re8 b5 57. Ne5 b4 58. Nd3 Bxd4 59. Kf3 b3 60. Ke2 Rc2+ 61. Kd1 Rc3 62. Kd2 Rc7 63. Rd8 Bf6 64. Rxd5+ Ka4 65. f4 Ka3 66. Rc5 Rxc5 67. Nxc5 b2 68. Bd3 Ka2 69. Ne4 b1=Q 70. Bxb1+ Kxb1 71. g5 Be7 72. Kd3 Nb6 73. Kd4 Nd7 74.
Kd5 Nf8 75. Ke5 Kc2 76. gxh6 gxh6 77. f5 Kd3 78. f6 Ba3 79. Kf5 Ke3 80. f7 Kf3 81. Nf6 Kg3 82. Ng8 Bc1 83. Kf6 Kh4 84. Ke7 Ba3+ 85. Kf6 Kxh5 86. Kg7 Ne6+ 87. Kf6 Nd8 88. Kg7 Bb2+ 89. Kh7 Nxf7 90. Nf6+ Bxf6 91. Kg8 Kg6 0-1

[Event "Early-Titled-Tuesday-Blitz-January-23-2024"]
[Site "Chess.com"]
[Date "2024.01.23"]
[Round "8"]
[White "Balla_Tamas"]
[Black "Knightmare1014"]
[Result "0-1"]
[WhiteElo "2453"]
[BlackElo "2344"]
[TimeControl "180+1"]
[EndTime "9:30:06 PST"]
[Termination "Knightmare1014 won on time"]

1. e4 c5 2. c3 d5 3. exd5 Qxd5 4. d4 Nf6 5. Nf3 e6 6. Be3 cxd4 7. cxd4 Bb4+ 8.
Nc3 O-O 9. Bd3 b6 10. O-O Bxc3 11. bxc3 Ba6 12. Bxa6 Nxa6 13. Qd3 Nb8 14. Bg5 Nbd7 15. Rfe1 Rac8 16. a4 Qc4 17. Qe3 Nd5 18. Qe4 N7f6 19. Qh4 Qxc3 20. h3 Qd3 21. Ne5 Qf5 22. a5 bxa5 23. Rxa5 Rc2 24. Rxa7 h6 25. Be3 Nc3 26. Kh1 Nce4 27. Nf3 Nd5 28. Ra5 Qg6 29. Ne5 Qf5 30. Ng4 Qg6 31. Ra7 f5 32. Ne5 Qf6 33. Qxf6 Ndxf6 34. Kg1 Nd5 35. Ng6 Rf6 36. Ne7+ Nxe7 37. Rxe7 f4 38. Bc1 Nxf2 39. Ba3 Nd3 40. R1xe6 Rxe6 41. Rxe6 Ra2 42. Bd6 Ra4 43. Re8+ Kf7 44. Re7+ Kf6 45. Rd7 Rxd4 46. Be7+ Ke5 47. Ra7 Rc4 48. Bf8 g5 49. Bxh6 Rc1+ 50. Kh2 Nf2 51. Ra5+ Ke6 52. g3 f3 53. g4 Ne4 54. Rf5 f2 55. Kg2 Rg1+ 56. Kf3 f1=Q+ 57. Kxe4 Qe1+ 58. Kd4 Qd2+ 59. Ke4 Rc1 60.
Bxg5 Qe2+ 61. Kf4 Rf1+ 62. Kg3 Qd3+ 63. Kh4 Rxf5 64. gxf5+ Kxf5 65. Be7 Qf3 66. Bg5 Qf2+ 67. Kh5 Qg2 68. h4 Qg4+ 69. Kh6 Qg3 70. Kh7 Qf3 71.
Kh6 Qg4 72. Kg7 Qh5 73. Be7 Kg4 74. Bg5 Kf5 75. Be7 Qe8 76. Bg5 Kg4 77. Kh6 Qg8 78. Bf6 Kf5 79. h5 Qg4 0-1

[Event "Early-Titled-Tuesday-Blitz-January-23-2024"]
[Site "Chess.com"]
[Date "2024.01.23"]
[Round "8"]
[White "Jospem"]
[Black "Sina_Movahed"]
[Result "1/2-1/2"]
[WhiteElo "3102"]
[BlackElo "2980"]
[TimeControl "180+1"]
[EndTime "9:30:16 PST"]
[Termination "Game drawn - insufficient material"]

1. e4 c5 2. Nf3 d6 3. c3 Nf6 4. h3 Nc6 5. Bd3 e5 6. Bc2 d5 7. exd5 Qxd5 8. d3 Bf5 9. Nh4 Be6 10. Qe2 O-O-O 11. Nd2 g5 12. Nhf3 Nh5 13. Ne4 Nf4 14. Bxf4 gxf4 15. Neg5 Qd7 16. Nxe6 Qxe6 17.
Bb3 Qd7 18. O-O-O Bd6 19. Ng5 Rdf8 20. Qg4 f5 21. Qe2 Nd8 22. Kb1 Kb8 23. Nf3 Re8 24.
Rhe1 Re7 25. Nd2 Bc7 26. Qf3 a6 27. Bd5 Ne6 28. Bxb7 Ng5 29. Qd5 Rd8 30. Qxd7 Rexd7 31. Bxa6 e4 32. Bb5 Rd5 33. h4 Ne6 34. Bc4 R5d6 35. Bxe6 Rxe6 36. dxe4 fxe4 37. Kc2 e3 38. Re2 Rg8 39.
f3 Reg6 40. Ne4 Rxg2 41. Re1 R2g6 42. Nxc5 Rg3 43. Rf1 Rh3 44. Ne6 Rxh4 45. Kd3 Rh3 46. b4 h5 47. a4 h4 48. c4 Rhg3 49. Rh1 h3 50. Nd4 Rd8 51. Ke4 Re8+ 52. Kf5 Re5+ 53. Kf6 Re8 54. Nc6+ Kb7 55. b5 Rxf3 56. a5 Rf2 57. Ree1 Rc2 58. a6+ Kb6 59. Rxh3 Rxc4 60. a7 Rc5 61. Ra1 Ra8 62. Rh6 Kxb5 63. Nd4+ Kc4 64. Nf3 Rc6+ 65. Kg5 Rxh6 66. Kxh6 Bb6 67. Ra4+ Kd3 68. Rxf4 Rxa7 69. Rf6 Bc5 70. Re6 e2 71.
Ne1+ Kd2 72. Nf3+ Kd1 73. Re5 Bb4 74. Rd5+ Kc1 75. Re5 Ra2 76. Kh5 Kd1 77. Rd5+ Bd2 78. Re5 Ra3 79. Kg4 Rd3 80. Re6 Be3 81. Ra6 Bc1 82.
Re6 Bd2 83. Ra6 Bc3 84. Re6 Bb4 85. Re4 Ba5 86. Ra4 Rxf3 87. Kxf3 e1=Q 88. Ra1+ Kc2 89.
Rxe1 Bxe1 1/2-1/2

[Event "Early-Titled-Tuesday-Blitz-January-23-2024"]
[Site "Chess.com"]
[Date "2024.01.23"]
[Round "8"]
[White "Gabrielian_Artur"]
[Black "jaskol95"]
[Result "1/2-1/2"]
[WhiteElo "2770"]
[BlackElo "2562"]
[TimeControl "180+1"]
[EndTime "9:30:25 PST"]
[Termination "Game drawn by repetition"]

1. e4 d5 2. exd5 Nf6 3. Nf3 Bg4 4. h3 Bxf3 5. Qxf3 Qxd5 6. Qxd5 Nxd5 7. c3 e6 8. d4 c6 9. Nd2 Nd7 10. Nf3 Bd6 11. g3 O-O 12. Bg2 e5 13. dxe5 Nxe5 14. Nxe5 Bxe5 15. O-O Nb6 16. a4 a5 17. Ra3 Rab8 18.
b4 Nc4 19. Rb3 Rfd8 20. Re1 Bc7 21. Bg5 f6 22. Bc1 Kf7 23. b5 c5 24. Bf1 Nb6 25. Be3 Bd6 26. Rd1 Be7 27. Ra1 Nd5 28. Bd2 Kf8 29.
b6 Rd6 30. Rab1 Rbd8 31. Be1 Rc8 32. Bg2 Bd8 33. c4 Nxb6 34. Bxb7 Rb8 35. Bd5 Rc8 36. Bb7 Rb8 37. Ba6 Ra8 38. Bb5 Nd7 39. f4 f5 40.
Bf2 Rc8 41. Re1 Nf6 42. Re5 g6 43.
Bxc5 Rxc5 44. Kg2 Rc8 45. c5 Rd2+ 46. Kf3 Ne4 47. c6 Bb6 48. Be2 Rc2 49. Rxb6 R2xc6 50. Rxc6 Rxc6 51. Bb5 Rc3+ 52. Ke2 Rxg3 53. Bc6 Ra3 54.
Bxe4 fxe4 55. Rxa5 Rxh3 56. Ra7 Ra3 57. a5 h5 58. a6 h4 59. Rh7 Kg8 60. Rxh4 Rxa6 61.
Ke3 Ra4 62. Rh1 Kg7 63. Rc1 Kf6 64. Rc5 Rb4 65. Ra5 Kg7 66. Re5 Kf6 67. Ra5 Rc4 68.
Rb5 Ra4 69. Rc5 Ke6 70. Re5+ Kf6 71. Rd5 Rb4 72. Rc5 Kg7 73. Rg5 Kh6 74. Re5 Ra4 75. Rd5 Rb4 76. Re5 Ra4 77. Rd5 Rb4 78. Rd6 Kh5 79.
Rd5+ Kh4 80. Rg5 Rb6 81. Kxe4 Rf6 82. Ke5 Ra6 83. Rg1 Ra5+ 84. Ke4 Kh5 85. Rg2 Kh6 86. Rc2 Kg7 87. Rc7+ Kh6 88. Kf3 Ra3+ 89. Kg4 Ra1 90. Rc8 Rg1+ 91. Kf3 Rf1+ 92. Kg3 Rg1+ 93. Kf2 Ra1 94.
Kf3 Rf1+ 95. Ke4 Re1+ 96. Kf3 Rf1+ 1/2-1/2

[Event "Early-Titled-Tuesday-Blitz-January-23-2024"]
[Site "Chess.com"]
[Date "2024.01.23"]
[Round "8"]
[White "WhiteKnight2612"]
[Black "Egor_Koshulyan"]
[Result "1-0"]
[WhiteElo "2871"]
[BlackElo "2696"]
[TimeControl "180+1"]
[EndTime "9:30:26 PST"]
[Termination "WhiteKnight2612 won by checkmate"]

1. e4 c5 2. d4 cxd4 3. c3 Nf6 4. e5 Nd5 5. cxd4 d6 6. exd6 e6 7.
Nc3 Bxd6 8. Nf3 Nc6 9. Bc4 O-O 10. O-O Nce7 11. a3 Nxc3 12. bxc3 b6 13. Bd3 Ng6 14. Ng5 Be7 15. Qh5 Bxg5 16. Bxg5 Qd5 17. Rfe1 Bb7 18. Be4 Qd7 19. Bxg6 hxg6 20. Qg4 Rac8 21.
Re3 Qd5 22. Rae1 Qf5 23. Qg3 Bd5 24. a4 Qc2 25. a5 bxa5 26. h4 a4 27. Be7 Rfe8 28.
Bd6 Rc6 29. Ba3 Qb3 30. Bb4 a3 31. Ra1 a2 32. h5 gxh5 33. Qg5 Qb1+ 34. Re1 Qg6 35.
Qxg6 fxg6 36. Re2 a6 37. Rexa2 Bxa2 38. Rxa2 Kf7 39. Ra5 Kf6 40. f4 Kf7 41. Kh2 Rd8 42. Ra2 Rd5 43. Kh3 Kf6 44. g3 Kf5 45. Kh4 Ke4 46. Ra3 Kd3 47. Ra1 Kc4 48. Ra2 Rd7 49.
Ra5 Rd5 50. Ra1 Rb5 51. Ra2 Kb3 52. Ra3+ Kc4 53. Ra1 Rf5 54. Ra4 Kb3 55. Ra3+ Kc2 56. Ra2+ Kd3 57. Ra1 Ke4 58. Re1+ Kf3 59. Rf1+ Kg2 60.
Ra1 Rb6 61. Ra2+ Kf3 62. Ra1 a5 63. Bc5 Rb2 64. Kh3 h4 65. Rf1+ Ke2 66. Rg1 Ke3 67. Kxh4 Kd3 68. Kg4 Kxc3 69. Re1 a4 70. Rxe6 Rxc5 71.
dxc5 a3 72. Ra6 a2 73. c6 Kb3 74. c7 Rc2 75. Rb6+ Kc3 76. c8=Q+ Kd2 77. Rd6+ Kc1 78. Qa6 Kb1 79. Rd1+ Kb2 80. Qb5+ Kc3 81. Rd3# 1-0

[Event "Early-Titled-Tuesday-Blitz-January-23-2024"]
[Site "Chess.com"]
[Date "2024.01.23"]
[Round "8"]
[White "Saraisitave"]
[Black "C_K_G"]
[Result "0-1"]
[WhiteElo "2288"]
[BlackElo "2125"]
[TimeControl "180+1"]
[EndTime "9:30:26 PST"]
[Termination "C_K_G won on time"]

1. e4 c5 2. Nc3 d6 3. Nf3 a6 4. d4 cxd4 5. Nxd4 e6 6. Bc4 Nf6 7. O-O Be7 8. Bb3 O-O 9. Kh1 Qc7 10. f4 b5 11. a3 Bb7 12. Qe1 d5 13. e5 Ne4 14. Nce2 Nc6 15. c3 Kh8 16. Bc2 Bc5 17. Be3 Qb6 18. Qh4 Rac8 19. Rad1 a5 20. Rf3 Be7 21. Qh5 Nxd4 22. Bxd4 Qd8 23. Rh3 h6 24. f5 exf5 25. Qxf5 Kg8 26. Qg4 Kh7 27.
Rf1 g6 28. Ng3 Nxg3+ 29. Qxg3 Bg5 30. Qg4 Qe7 31. Qe2 Rce8 32. Rg3 Qe6 33. Rgf3 Re7 34. h3 Bc8 35. Qf2 Qd7 36. Qe2 Qe6 37. Qd3 Kg7 38.
Qxb5 Ba6 39. Qxa5 Bxf1 40. Rxf1 Rfe8 41. b4 h5 42. Qb5 Bh6 43. Qe2 Kh7 44. Qf2 Bg7 45.
Qf3 Bxe5 46. Qxh5+ Kg7 47. Bxe5+ Qxe5 48. Qxe5+ Rxe5 49. a4 Re2 50. Bd3 Rd2 51. Bb5 Re3 52. Rc1 Rg3 53.
Rg1 Rxc3 54. a5 Rb3 55. a6 Rxb4 56. a7 Ra2 57. Bc6 Rba4 58. Bxd5 Rxa7 59. Bxa2 Rxa2 60. Kh2 f5 61. Kg3 Kh6 62. Kf4 Ra4+ 63. Ke5 Re4+ 64. Kf6 f4 65. Rf1 g5 66. Rf2 Re3 67. Kf5 Rg3 68.
Re2 Kg7 69. h4 gxh4 70. Kxf4 Kg6 71. Re6+ Kh5 72. Re5+ Kg6 73. Re2 Kf6 74. Rd2 Kg6 75.
Rd6+ Kh5 76. Rd5+ Kg6 77. Rd2 Kf6 78. Rd6+ Kf7 79. Rd2 Kf6 80. Rf2 Kg6 81. Ke5 Kg5 82. Rf5+ Kg4 83. Rf4+ Kg5 84. Rf5+ Kg4 85. Rf4+ Kh5 86.
Rf5+ Rg5 87. Rxg5+ Kxg5 88. Ke4 Kg4 89. Ke3 Kg3 90.
Ke2 Kxg2 91. Ke1 h3 0-1

[Event "Early-Titled-Tuesday-Blitz-January-23-2024"]
[Site "Chess.com"]
[Date "2024.01.23"]
[Round "8"]
[White "SirStrateg"]
[Black "monomita"]
[Result "1/2-1/2"]
[WhiteElo "2658"]
[BlackElo "2831"]
[TimeControl "180+1"]
[EndTime "9:30:27 PST"]
[Termination "Game drawn by repetition"]

1. d4 Nf6 2. Bg5 d5 3. Bxf6 exf6 4. e3 Bb4+ 5. c3 Bd6 6. Nd2 O-O 7. Bd3 f5 8. Ne2 Nc6 9. Qc2 Ne7 10. O-O b6 11. c4 dxc4 12. Nxc4 g6 13. Rac1 Nd5 14. a3 Be6 15.
Nxd6 cxd6 16. Ba6 Qe7 17. Nc3 Nxc3 18. Qxc3 Bd5 19. Rfe1 Qg5 20. Bf1 h5 21. Qc7 Qf6 22. Rc3 Kg7 23. Rec1 f4 24. Qd7 fxe3 25. fxe3 Rfd8 26.
Qh3 Re8 27. R1c2 Qg5 28. Rf2 f5 29. Qg3 Qxg3 30. hxg3 Re7 31. Rfc2 Kf6 32. Kf2 Rh8 33. Rc8 Rhh7 34. Rf8+ Rhf7 35. Rxf7+ Kxf7 36. Rc8 Kf6 37. Be2 Be6 38. Rc6 Rd7 39. Bf3 Ke7 40. Ke1 Bf7 41.
Kd2 g5 42. Rc8 g4 43. Bc6 Rd8 44. Rc7+ Kf6 45. Rxa7 Rc8 46. d5 Be8 47. Bxe8 Rxe8 48. Rb7 Re5 49. Rxb6 Rxd5+ 50. Ke2 Ke6 51. a4 Ra5 52. b3 Rc5 53. Kd2 Rd5+ 54. Ke2 Rc5 55. Rb4 Rc2+ 56. Kf1 Rc1+ 57. Kf2 Rc2+ 58. Kg1 Ra2 59. e4 fxe4 60. Rxe4+ Kf5 61. Rd4 Ke5 62. Rd1 d5 63. Rb1 d4 64. b4 Rxa4 65. b5 Ra7 66. b6 Rb7 67. Kf2 Kd5 68. Ke2 Kc4 69.
Kd2 d3 70. Rb2 Kd4 71. Rb4+ Kc5 72. Rb3 Kc4 73. Rb1 Kd4 74. Rb5 Kc4 75. Rb1 Kd4 76.
Kd1 Kc3 77. Rb5 Kc4 78. Rb2 Rf7 79. b7 Rf1+ 80. Kd2 Rf2+ 81. Kc1 Rf1+ 82. Kd2 Rf2+ 83. Kc1 Rf1+ 84. Kd2 1/2-1/2

[Event "Early-Titled-Tuesday-Blitz-January-23-2024"]
[Site "Chess.com"]
[Date "2024.01.23"]
[Round "8"]
[White "masterofpuppets2"]
[Black "dirk_da_player"]
[Result "1-0"]
[WhiteElo "2514"]
[BlackElo "2374"]
[TimeControl "180+1"]
[EndTime "9:30:48 PST"]
[Termination "masterofpuppets2 won on time"]

1. d4 d5 2. c4 e6 3. Nf3 c5 4. cxd5 exd5 5. g3 Nc6 6. Bg2 Nf6 7.
O-O Be7 8. dxc5 Bxc5 9. a3 a5 10.
Qc2 Bb6 11. Nc3 O-O 12. Bg5 Be6 13. Rad1 Rc8 14. Qa4 h6 15. Bxf6 Qxf6 16. Nxd5 Bxd5 17. Rxd5 Rfe8 18. Qb5 Nd4 19. Nxd4 Bxd4 20. Rf5 Re5 21.
Rxe5 Bxe5 22. b3 b6 23. e3 g6 24. b4 axb4 25. axb4 Rc2 26. Be4 Rb2 27. Qc4 Bc3 28.
b5 Kg7 29. Kg2 Be1 30. Bf3 Bc3 31. h4 Bd2 32. Qd3 Bc3 33. h5 g5 34. g4 Bb4 35.
Bd1 Bc5 36. Bf3 Bd6 37. Qd5 Bc5 38. Qd3 Bd6 39. Qd5 Bc5 40. Re1 Qc3 41. Re2 Rxe2 42. Bxe2 Qf6 43. Bf3 Bd6 44. Qd3 Qe5 45. Kf1 Qa1+ 46.
Kg2 Qe5 47. Qc4 Qh2+ 48. Kf1 Qe5 49. Qb3 Bc5 50. Be2 Qf6 51. Kg2 Qe5 52. Qc4 Qf6 53.
Qd5 Bb4 54. Bd3 Be1 55. Bf5 Bb4 56. Qc4 Bc5 57. Qd5 Qc3 58. Be4 Qf6 59. Bc2 Qc3 60. Qe4 Qf6 61. Qh7+ Kf8 62. Qd3 Kg7 63. Qe4 Kf8 64.
Bb3 Kg7 65. Bc4 Qd6 66. Bd3 Qf6 67. Qd5 Qe7 68. Qf5 Qf6 69. Qh7+ Kf8 70. Be4 Ke7 71.
Bf3 Bd6 72. Qe4+ Qe5 73. Qb7+ Kf8 74. Qxb6 Qh2+ 75. Kf1 Qh3+ 76. Ke2 Qh2 77. Qd8+ Kg7 78. b6 Qe5 79. b7 Qb2+ 80. Kf1 Be5 81. Qd5 Qc3 82. Kg2 Qb2 83. Qe4 Qc3 84. Be2 Qb2 85.
Bd3 Kf8 86. Qd5 Kg7 87. Be4 Bf6 88. Qf5 Be5 89. Qh7+ Kf8 90. Qxh6+ Ke7 91. Qxg5+ f6 92. Qf5 Kd6 93. Qh7 Qb6 94. Qg7 Qb2 95. Qf8+ Kd7 96. Qf7+ Kd8 97. h6 f5 98. Bxf5 Qxb7+ 99. Qxb7 1-0

[Event "Early-Titled-Tuesday-Blitz-January-23-2024"]
[Site "Chess.com"]
[Date "2024.01.23"]
[Round "8"]
[White "ScofieldMichael01"]
[Black "wild3000"]
[Result "1/2-1/2"]
[WhiteElo "2611"]
[BlackElo "2460"]
[TimeControl "180+1"]
[EndTime "9:32:09 PST"]
[Termination "Game drawn by 50-move rule"]

1. d4 d5 2. Nf3 Nf6 3. Bf4 c6 4. e3 Bg4 5. Nbd2 Nbd7 6. c3 g6 7. h3 Bxf3 8. Nxf3 Bg7 9. Be2 O-O 10. O-O Re8 11. a4 Ne4 12. Ne5 Nxe5 13. dxe5 a5 14.
Qd4 h6 15. h4 g5 16. hxg5 hxg5 17. Bh2 c5 18. Qd1 c4 19. Qd4 Rc8 20. Bf3 e6 21. Bxe4 dxe4 22. Qxe4 Qd5 23. Qg4 Bh6 24. Rad1 Qc6 25. Bf4 Qe4 26. Rd4 Qg6 27. Bg3 Red8 28. Rxd8+ Rxd8 29. Qxc4 Bf8 30. Qb5 Rd2 31. Qxb7 Qd3 32.
Qb5 Qxb5 33. axb5 Rxb2 34. c4 a4 35. Ra1 a3 36. f3 a2 37. Kh2 Bc5 38. Be1 Rc2 39. Ba5 Bxe3 40. b6 Bf4+ 41. Kh3 Bxe5 42. b7 Rxc4 43. g3 Rc2 44. Re1 Bb8 45. Ra1 Kh7 46.
Bb6 Rb2 47. Bd4 Rxb7 48. Rxa2 Kg6 49. Ra3 Bd6 50. Rd3 Be7 51. Be5 f6 52. Bc3 Rb3 53.
Re3 Bc5 54. Rd3 Bb4 55. Re3 Rxc3 56. Rxe6 Ba3 57. Rb6 Bc1 58. Rb8 Bd2 59. Kg2 Rc2 60. Rg8+ Kf7 61. Ra8 Bc3+ 62. Kh3 Be5 63. Ra7+ Kg6 64.
Ra8 Rc3 65. Kg2 Rc2+ 66. Kh3 Rf2 67. Ra3 f5 68. Ra6+ Bf6 69. Ra3 Kh5 70. g4+ fxg4+ 71. fxg4+ Kg6 72. Ra6 Rf4 73. Kg3 Rd4 74. Rb6 Rd3+ 75.
Kg2 Rc3 76. Ra6 Rc2+ 77. Kg3 Rb2 78. Rc6 Kf7 79. Rc7+ Be7 80. Rc6 Rb3+ 81. Kg2 Rd3 82. Rc7 Ke6 83. Rc6+ Bd6 84. Ra6 Ke5 85. Ra5+ Ke4 86.
Rxg5 Bf4 87. Rf5 Rd2+ 88. Kf1 Kf3 89. Ke1 Re2+ 90. Kd1 Re4 91. Rf8 Rd4+ 92. Kc2 Kxg4 93. Kc3 Rd5 94. Rc8 Kf3 95. Kc4 Rd2 96. Rc6 Ke4 97.
Re6+ Be5 98. Rc6 Rc2+ 99. Kb5 Rb2+ 100. Kc4 Bd4 101. Re6+ Be5 102. Rc6 Rb1 103. Rc5 Rc1+ 104. Kb5 Rd1 105. Rc6 Bd4 106. Re6+ Kd5 107. Rh6 Rb1+ 108. Ka4 Ra1+ 109. Kb3 Rb1+ 110. Kc2 Rb2+ 111. Kd3 Rb3+ 112. Ke2 Rg3 113. Rh5+ Kc4 114. Rf5 Re3+ 115. Kf1 Re7 116. Kg2 Kd3 117. Kf3 Re3+ 118. Kf4 Re4+ 119. Kf3 Re6 120. Rf4 Be3 121. Rf5 Rh6 122. Kg4 Rg6+ 123. Kf3 Rg7 124. Rd5+ Bd4 125. Rf5 Re7 126. Rf4 Re1 127. Rf5 Rf1+ 128. Kg4 Rg1+ 129. Kf3 Rg6 130. Rf4 Kc4 131. Rf5 Re6 132. Rf4 Ra6 133. Rf5 Kd3 134. Rf4 Ra5 135. Rf7 Ra2 136. Rf5 Re2 137. Rf4 Rf2+ 138. Kg4 Rg2+ 139. Kf3 Rg8 140. Rf5 Kc4 141. Kf4 Re8 142. Kf3 Be3 1/2-1/2

[Event "Early-Titled-Tuesday-Blitz-January-23-2024"]
[Site "Chess.com"]
[Date "2024.01.23"]
[Round "9"]
[White "isaak2009"]
[Black "masterofpuppets2"]
[Result "1-0"]
[WhiteElo "2645"]
[BlackElo "2509"]
[TimeControl "180+1"]
[EndTime "9:39:18 PST"]
[Termination "isaak2009 won by resignation"]

1. Nf3 d5 2. g3 Nf6 3. Bg2 e6 4.
O-O Be7 5. d3 O-O 6. Nbd2 c5 7. e4 Nc6 8. Re1 dxe4 9. dxe4 Qc7 10. e5 Nd5 11. a3 b5 12. a4 Ba6 13. axb5 Bxb5 14. c4 Ndb4 15. cxb5 1-0

[Event "Early-Titled-Tuesday-Blitz-January-23-2024"]
[Site "Chess.com"]
[Date "2024.01.23"]
[Round "9"]
[White "FREDERICKtheMATE"]
[Black "Cheer_Down"]
[Result "1-0"]
[WhiteElo "2571"]
[BlackElo "2461"]
[TimeControl "180+1"]
[EndTime "9:39:21 PST"]
[Termination "FREDERICKtheMATE won by resignation"]

1. d4 Nf6 2. c4 e6 3. Nf3 d5 4. Nc3 Be7 5. Bf4 O-O 6. e3 c5 7. dxc5 Bxc5 8. a3 Nc6 9. b4 Nxb4 10. axb4 Bxb4 11. Qb3 Ne4 12. Qxb4 1-0

[Event "Early-Titled-Tuesday-Blitz-January-23-2024"]
[Site "Chess.com"]
[Date "2024.01.23"]
[Round "9"]
[White "winniethepooh04"]
[Black "InitiatingASC"]
[Result "1-0"]
[WhiteElo "2535"]
[BlackElo "2432"]
[TimeControl "180+1"]
[EndTime "9:40:02 PST"]
[Termination "winniethepooh04 won by resignation"]

1. d4 d5 2. Nf3 Nf6 3. Bf4 e6 4.
e3 c5 5. c3 Nc6 6. Nbd2 Bd6 7.
Bg3 cxd4 8. exd4 O-O 9. Bd3 Re8 10. O-O e5 11. dxe5 Nxe5 12. Be2 Ne4 13. Nxe4 dxe4 14. Nxe5 Bf5 15. Nxf7 1-0